 Dungeon Crawl Stone Soup version 0.31-a0-702-gf82c85558f (webtiles) character file.

Game seed: 14189833411231987509

265 qw the Shooter (level 6, -13/38 HPs)
             Began as a Gargoyle Hunter on Sept 7, 2023.
             Mangled by an ogre
             ... wielding a +0 giant spiked club
              (14 damage)
             ... on level 4 of the Dungeon.
             The game lasted 00:00:53 (1812 turns).

qw the Shooter (Gargoyle Hunter)                    Turns: 1812, Time: 00:00:54

Health: -13/38     AC:  9    Str: 15    XL:     6   Next: 20%
Magic:  6/6        EV: 11    Int:  9    God:
Gold:   146        SH:  0    Dex: 15    Spells: 5/5 levels left

rFire   . . .        Y - +0 shortbow
rCold   . . .        (shield currently unavailable)
rNeg    + . .        e - +0 ring mail
rPois   inf          (no helmet)
rElec   +            (no cloak)
rCorr   .            (no gloves)
SInv    .            (no boots)
Will    .....        (no amulet)
Stlth   +            (no ring)
HPRegen 0.26/turn    (no ring)
MPRegen 0.10/turn

%: no passive effects
@: no status effects
A: sickness immunity, AC +4, negative energy resistance 1, electricity
resistance, torment resistance 1, petrification resistance
a: no special abilities


You were on level 4 of the Dungeon.
You visited 1 branch of the dungeon, and saw 4 of its levels.

You collected 146 gold pieces.


Innate Abilities, Weirdness & Mutations

You are immune to sickness and miasma.
Your stone body is resilient. (AC +4)
You are immune to poison.
You resist negative energy. (rN+)
You are resistant to electric shocks. (rElec)
You are resistant to unholy torment.
You are immune to petrification.


   Skills:
 - Level 4.0 Fighting
 + Level 6.1 Ranged Weapons
 - Level 2.1 Armour
 - Level 1.5 Dodging
 - Level 1.1 Stealth


You had 5 spell levels left.
You didn't know any spells.
Your spell library was empty.

Inventory:

Hand Weapons
 Y - a +0 shortbow (weapon)
Armour
 e - a +0 ring mail (worn)
Scrolls
 h - 2 scrolls of identify
Potions
 a - a potion of heal wounds {unknown}
 b - a potion of curing {unknown}
 c - a potion of brilliance {unknown}
 d - a potion of cancellation {unknown}
 f - a potion of berserk rage {unknown}
 g - a potion of lignification {unknown}
 i - a potion of enlightenment {unknown}

Dungeon Overview and Level Annotations

Branches:
Dungeon (4/15)
 Temple: D:4-7

Altars:


Message History

1802 |||
Found retreat position at 2,3 (floor) with 0 blocking monsters and 2 monsters attacking at destination at distance 3
1802 ||| Stepping ~*~*~tactically~*~*~ (retreating).
The gnoll hits you with a +1 whip of venom.
Enter note:
Enter note:
1803 |||
Found retreat position at 1,2 (floor) with 0 blocking monsters and 2 monsters attacking at destination at distance 2
1803 ||| Stepping ~*~*~tactically~*~*~ (retreating).
The gnoll closely misses you.
You shoot an arrow. The arrow closely misses the gnoll.
The gnoll hits you but does no damage.
The ogre hits you with a +0 giant spiked club!
The gnoll closely misses you.
You shoot an arrow. The arrow hits the gnoll!
You kill the gnoll!
The gnoll completely misses you. The ogre closely misses you.
You shoot an arrow.
The arrow hits the ogre but does no damage.
The gnoll hits you but does no damage. The gnoll hits you with a +0 club.
You shoot an arrow. The arrow hits the ogre.
The ogre is lightly wounded.
The ogre barely misses you. The gnoll barely misses you. The gnoll misses you.
The gnoll hits you from afar with a +0 halberd.
You shoot an arrow. The arrow hits the ogre.
The ogre is lightly wounded.
The gnoll hits you with a +0 club. The ogre barely misses you.
The gnoll closely misses you.
You shoot an arrow. The arrow completely misses the ogre.
The gnoll closely misses you. The gnoll hits you but does no damage.
The ogre barely misses you. The gnoll hits you but does no damage.
You shoot an arrow. The arrow barely misses the ogre.
The gnoll hits you but does no damage. The gnoll closely misses you.
You shoot an arrow. The arrow hits the ogre!
The ogre is moderately wounded.
The ogre hits you with a +0 giant spiked club.
The gnoll hits you from afar with a +0 halberd!
The gnoll barely misses you.
You shoot an arrow. The arrow hits the ogre.
The ogre is heavily wounded.
The ogre hits you with a +0 giant spiked club!
You die...

...## .................
....######...............
.....##.###....#.........
...............#.........
..........##..##.........
..#......###.............
###..........#...........
##....#...##.)gO......#
####.#...####@#/.....#
##....#####.#..g..##
##......#.##.g.....#
#..........#......##
##..#...#.........g.
#####.##............
##...............
#.............. ..
#..........# .##


You could see an ogre and 2 gnolls.

Vanquished Creatures
  A jelly (D:4)
  Terence (D:2)
  Natasha (thrice) (D:2)
  An iguana (D:4)
  A gnoll (D:4)
  3 adders
  A worm (D:2)
  4 dart slugs
  An orc (D:2)
  7 endoplasms
  5 giant cockroaches
  4 goblins
  6 hobgoblins
  6 jackals (D:1)
  2 quokkas
  5 ball pythons
  2 bats
  7 kobolds
  4 rats
64 creatures vanquished.

Notes
Turn   | Place    | Note
-------+----------+-------------------------------------------
     0 | D:1      | qw the Gargoyle Hunter began the quest for the Orb.
     0 | D:1      | Reached XP level 1. HP: 12/12 MP: 1/1
     0 | D:1      | 0 ||| qw: Version: 0.3-a-76-g4403597
     0 | D:1      | 0 ||| qw: Game counter: 850
     0 | D:1      | 0 ||| qw: Melee chars always use a shield: true
     0 | D:1      | 0 ||| qw: God list: Okawaru
     0 | D:1      | 0 ||| qw: Allow faded altars: false
     0 | D:1      | 0 ||| qw: Do Orc after clearing Dungeon:15 true
     0 | D:1      | 0 ||| qw: Do second Lair branch before Depths: true
     0 | D:1      | 0 ||| qw: Lair rune preference: random
     0 | D:1      | 0 ||| qw: Goals: Normal
     0 | D:1      | 0 ||| PLANNING D:1-11
    44 | D:1      | HP: 1/12 [hobgoblin (4)]
   153 | D:1      | Reached XP level 2. HP: 17/17 MP: 2/2
   274 | D:1      | Reached XP level 3. HP: 17/21 MP: 3/3
   316 | D:1      | Reached skill level 5 in Ranged Weapons
   577 | D:1      | 577 ||| UPGRADING to +0 ring mail.
   587 | D:1      | 587 ||| DROPPING +0 leather armour.
   588 | D:1      | 588 ||| READING scroll labelled ISAPED QUDO.
   589 | D:1      | 589 ||| READING scroll labelled RYON JUGUT KUKH.
   590 | D:1      | 590 ||| DROPPING scroll of butterflies.
   695 | D:2      | Noticed Terence
   701 | D:2      | Killed Terence
   702 | D:2      | Reached XP level 4. HP: 27/27 MP: 4/4
   819 | D:2      | Noticed Natasha
   827 | D:2      | Killed Natasha
   828 | D:2      | Reached skill level 3 in Fighting
  1030 | D:2      | Noticed Natasha
  1033 | D:2      | Killed Natasha
  1034 | D:2      | Reached XP level 5. HP: 32/32 MP: 5/5
  1038 | D:2      | Noticed Natasha
  1045 | D:2      | Killed Natasha
  1234 | D:2      | 1234 ||| READING scroll labelled ANOIT CONTI.
  1247 | D:3      | Found a faded altar of an unknown god.
  1578 | D:3      | 1578 ||| READING scroll labelled TULERU LISAI.
  1579 | D:3      | 1579 ||| READING scroll labelled NUISAI OZXUD.
  1645 | D:4      | Reached skill level 6 in Ranged Weapons
  1738 | D:4      | Reached XP level 6. HP: 29/37 MP: 6/6
  1798 | D:4      | 1798 ||| Stepping ~*~*~tactically~*~*~ (retreating).
  1799 | D:4      | 1799 ||| Stepping ~*~*~tactically~*~*~ (retreating).
  1800 | D:4      | 1800 ||| Stepping ~*~*~tactically~*~*~ (retreating).
  1802 | D:4      | 1802 ||| Stepping ~*~*~tactically~*~*~ (retreating).
  1803 | D:4      | 1803 ||| Stepping ~*~*~tactically~*~*~ (retreating).
  1811 | D:4      | HP: 8/38 [ogre/+0 giant spiked club (3)]
  1811 | D:4      | HP: 1/38 [gnoll/+0 halberd (7)]
  1812 | D:4      | Mangled by an ogre

Levels and vault maps discovered:
D:1:      spicycebolla_green_bress_n_ham_2, layout_basic
D:2:      layout_basic, minmay_tripent, uniq_natasha, uniq_terence
D:3:      layout_rooms, hellmonk_ecumenical_altar_leap_of_faith
D:4:      layout_cave_pools

Skill      XL: |  1  2  3  4  5  6 |
---------------+-------------------+-----
Ranged Weapons | 5 6 |  6.1
Armour         | 2 |  2.1
Fighting       | 3 4 |  4.0
Dodging        | |  1.5
Stealth        | |  1.1

Action                     |  1- 3 |  4- 6 || total
---------------------------+-------+-------++-------
   Fire: Shortbow          |   111 |   117 ||   228
    Use: Scroll            |     2 |     3 ||     5
 Armour: Leather armour    |    32 |       ||    32
         Ring mail         |     5 |    37 ||    42
         Skin              |       |     4 ||     4
  Dodge: Dodged            |    41 |    32 ||    73

Table legend:
 A = Non-vault XP
 B = Vault XP
 C = Vault XP percentage of total XP
 D = Non-vault monster count
 E = Vault monster count
 F = Vault count percentage of total count
                 A         B        C        D         E       F
            +---------+---------+-------+---------+---------+-------
      Total |     301 |      78 |  20.6 |      60 |       4 |   6.2
            +---------+---------+-------+---------+---------+-------
        D:1 |      53 |       0 |   0.0 |      29 |       0 |   0.0
        D:2 |     104 |      78 |  42.9 |      15 |       4 |  21.1
        D:3 |      44 |       0 |   0.0 |       9 |       0 |   0.0
        D:4 |     100 |       0 |   0.0 |       7 |       0 |   0.0
            +---------+---------+-------+---------+---------+-------
